 Dungeon Crawl Stone Soup version 0.28-a0-895-g6e5f11bd55 (webtiles) character file.

Game seed: 10331665502560533517

1633 vineage the Fighter (level 8, -1/62 HPs)
             Began as a Gargoyle Fighter on Nov 22, 2021.
             Killed by divine providence
             ... invoked by an orc priest
              (16 damage)
             ... on level 5 of the Dungeon.
             The game lasted 00:06:48 (6477 turns).

vineage the Fighter (Gargoyle Fighter)              Turns: 6477, Time: 00:06:48

Health: -1/62      AC: 13    Str: 19    XL:     8   Next: 98%
Magic:  8/8        EV:  9    Int: 16    God:
Gold:   1010       SH:  4    Dex: 11    Spells: 7/7 levels left

rFire   . . .      SeeInvis .   m - +3 flail
rCold   + . .      Faith    .   c - +0 buckler
rNeg    + . .      Spirit   .   n - +1 scale mail {rC+}
rPois   ∞          Reflect  .   (no helmet)
rElec   +          Harm     .   (no cloak)
rCorr   .          Rampage  .   (no gloves)
Will    .....                   (no boots)
Stlth   ..........              (no amulet)
HPRegen 0.20/turn               i - +6 ring of intelligence
MPRegen 0.11/turn               (no ring)

@: no status effects
A: sickness immunity, AC +5, negative energy resistance 1, electricity
resistance, torment resistance 1, petrification resistance
a: no special abilities


You were on level 5 of the Dungeon.
You visited 1 branch of the dungeon, and saw 5 of its levels.
You also visited: Sewer.

You collected 1010 gold pieces.

Inventory:

Hand Weapons
 a - a +0 flail
 m - a +3 flail (weapon)
Armour
 c - a +0 buckler (worn)
 n - a +1 scale mail of cold resistance (worn)
Jewellery
 i - a +6 ring of intelligence (left hand)
 w - a ring of magical power
Wands
 e - a wand of polymorph (5)
 x - a wand of charming (7)
Scrolls
 b - 2 scrolls of blinking
 g - a scroll of summoning {unknown}
 h - a scroll of enchant weapon {unknown}
 j - a scroll of enchant armour {unknown}
 q - 2 scrolls of noise {unknown}
 r - 2 scrolls of teleportation
 s - a scroll of amnesia
 t - a scroll of identify
 v - a scroll of silence {unknown}
Potions
 d - 2 potions of might
 f - 2 potions of curing
 k - 3 potions of haste {unknown}
 l - 2 potions of attraction {unknown}
 o - 2 potions of invisibility {unknown}
 p - a potion of cancellation {unknown}
 u - a potion of flight {unknown}


   Skills:
 * Level 12.4 Fighting
 - Level 2.0 Maces & Flails
 - Level 3.2 Armour
 - Level 3.2 Shields


You had 7 spell levels left.
You didn't know any spells.
Your spell library contained the following spells:

 Spells                   Type           Power      Damage    Failure   Level
 Sandblast                Erth           0%         2d4       63%         1
 Corpse Rot               Necr/Air       0%         N/A       77%         2
 Passwall                 Tmut/Erth      0%         N/A       77%         2
 Poisonous Vapours        Pois/Air       0%         N/A       77%         2
 Stone Arrow              Conj/Erth      0%         3d7       94%         3


Dungeon Overview and Level Annotations

Branches:
Dungeon (5/15)              Sewer (visited)
 Temple: D:4-7

Altars:
Trog
Yredelemnul

Shops:
D:1 !


Innate Abilities, Weirdness & Mutations

You are immune to sickness and miasma.
Your stone body is resilient. (AC +5)
You are immune to poison.
You resist negative energy. (rN+)
You are resistant to electric shocks. (rElec)
You are resistant to unholy torment.
You are immune to petrification.


Message History

The orc priest is heavily wounded.
The orc priest hits you but does no damage. x2
You barely miss the orc priest.
The orc priest is heavily wounded.
The orc priest looks braver for a moment.
The orc priest barely misses you. The orc priest completely misses you.
You block the orc priest's attack.
You closely miss the orc priest.
The orc priest is heavily wounded.
The orc priest begins to cast a cantrip, but forgets the words!
You block the orc priest's attack.
You closely miss the orc priest.
The orc priest is heavily wounded.
The orc priest hits you with a +0 flail.
The orc priest barely misses you.
You hit the orc priest.
The orc priest is almost dead.
The orc priest hits you with a +0 flail.
The orc priest hits you from afar with a +0 trident.
The orc priest mumbles some strange prayers to Beogh against you.
Beogh smites you!
You hit the orc priest.
You kill the orc priest!
The orc priest closely misses you. You block the orc priest's attack.
The orc priest begins to cast a cantrip, but forgets the words!
Items here: )) [ †.
You hit the orc priest.
The orc priest is moderately wounded.
The orc priest mumbles some strange prayers to Beogh against you.
Beogh smites you!
* * * LOW HITPOINT WARNING * * *
You hear a bark!
You feel better.
The orc priest hits you but does no damage.
You closely miss the orc priest.
The orc priest is moderately wounded.
A hound comes into view.
The orc priest calls down the wrath of Beogh upon you.
Beogh smites you!
You die...

### .# ... .o #.# #.
#.##. ### ## #...
#.. #. #.##.o# #.#
#.# #h#..# #.#
...###...###.######
#...#.$.oo@........
..........###..##.##
##.............#
#.##.#....##..#
#.##.##...##..#
#.........# ..# ..##
####.##.#.# ... ...
#.. #.#.# #.# .. #.#
#.#.# #.# .# # #


You could see a hound, an orc priest and an orc.

Vanquished Creatures
  Eustachio (D:5)
  An ice beast (D:5)
  An ogre (D:5)
  2 necrophages (D:5)
  A phantom (D:5)
  A wyvern zombie (D:5)
  A bullfrog (D:3)
  2 scorpions
  A centaur zombie (D:5)
  A hound (D:4)
  A human zombie (D:5)
  A jelly (D:4)
  A bullfrog skeleton (D:5)
  A gnoll shaman (D:5)
  5 orc priests
  2 iguanas
  An orc wizard (D:4)
  A killer bee zombie (D:5)
  3 hound zombies (D:5)
  A hound skeleton (D:4)
  2 mummies (D:5)
  A howler monkey zombie (D:5)
  6 gnolls
  8 adders
  2 river rats (D:3)
  An adder zombie (D:5)
  A worm (D:3)
  5 dart slugs
  14 orcs
  8 endoplasms
  8 giant cockroaches
  9 goblins
  5 hobgoblins
  16 jackals
  6 quokkas
  15 ball pythons
  6 bats
  8 frilled lizards
  9 kobolds
  A quokka skeleton (D:4)
  13 rats
  A bush (D:4)
174 creatures vanquished.

Vanquished Creatures (others)
  21 plants
21 creatures vanquished.

Grand Total: 195 creatures vanquished

Notes
Turn   | Place    | Note
-------+----------+-------------------------------------------
     0 | D:1      | vineage the Gargoyle Fighter began the quest for the Orb.
     0 | D:1      | Reached XP level 1. HP: 14/14 MP: 1/1
    13 | D:1      | You fall into a shaft and drop 1 floor!
   299 | D:1      | Reached XP level 2. HP: 13/20 MP: 2/2
   323 | D:1      | Reached skill level 4 in Fighting
   331 | D:1      | HP: 1/20 [giant cockroach (1)]
   662 | D:1      | Reached XP level 3. HP: 21/24 MP: 3/3
   785 | D:1      | Found a faded altar of an unknown god.
   831 | D:1      | Found Idapav's Distillery.
   908 | D:1      | Reached skill level 5 in Fighting
  1309 | D:2      | Identified a scroll of acquirement
  1309 | D:2      | Acquired 873 gold pieces
  1599 | D:2      | Reached XP level 4. HP: 27/31 MP: 4/4
  2584 | D:3      | Reached skill level 6 in Fighting
  2584 | D:3      | Reached XP level 5. HP: 36/36 MP: 5/5
  2651 | D:3      | Reached skill level 7 in Fighting
  2651 | D:3      | Reached XP level 6. HP: 27/44 MP: 6/6
  3002 | D:3      | Found a glowing drain.
  3027 | Sewer    | Entered a sewer
  3102 | Sewer    | Reached skill level 8 in Fighting
  4344 | D:4      | Found a bloodstained altar of Trog.
  4361 | D:4      | Reached XP level 7. HP: 44/50 MP: 7/7
  4537 | D:4      | Reached skill level 9 in Fighting
  5182 | D:5      | Entered Level 5 of the Dungeon
  5316 | D:5      | Reached skill level 10 in Fighting
  5453 | D:5      | Noticed Eustachio
  5462 | D:5      | Killed Eustachio
  5463 | D:5      | Reached XP level 8. HP: 45/58 MP: 8/8
  5556 | D:5      | HP: 1/58 [wyvern zombie (5)]
  5821 | D:5      | Reached skill level 11 in Fighting
  5916 | D:5      | Found a basalt altar of Yredelemnul.
  6068 | D:5      | Reached skill level 12 in Fighting
  6477 | D:5      | Killed from afar by an orc priest

Illustrated notes

Levels and vault maps discovered:
D:1:      minmay_arrival_three_doors, layout_rooms, serial_shops,
          nicolae_shop_behind_doors, shapermc_ecumenical_altar_starsandcircs
D:2:      layout_loops_corners, minmay_diced_spiral
D:3:      layout_rooms, portal_sewer_entry_a, st_stairs_9, serial_bayou_crossing
D:4:      layout_cave_pools, mainiacjoe_overflow_cross_hatched, serial_forest,
          infiniplex_forest_clump_long, infiniplex_forest_end_1,
          infiniplex_forest_clump_cross, infiniplex_forest_side_room,
          infiniplex_forest_clump_curved, infiniplex_forest_lined_corner,
          infiniplex_forest_corner_1, infiniplex_forest_lined_4_way,
          infiniplex_forest_3_way, st_stairs_8
D:5:      layout_loops_ring, lemuel_mausoleum_altar_yredelemnul, uniq_eustachio,
          uniq_menkaure

Skill      XL: |  1  2  3  4  5  6  7  8 |
---------------+-------------------------+-----
Fighting       | 4 5 6 7 8 10 12 | 12.4
Maces & Flails | |  2.0
Armour         | |  3.2
Shields        | |  3.2

Action                   |  1- 3 |  4- 6 |  7- 9 || total
-------------------------+-------+-------+-------++-------
Melee: Flail             |   147 |   293 |   290 ||   730
  Use: Scroll            |     4 |     5 |       ||     9
       Potion            |       |       |     6 ||     6
Armor: Scale mail        |   123 |   206 |   100 ||   429
Dodge: Dodged            |    96 |   148 |   107 ||   351
Block: Buckler           |    38 |    89 |    43 ||   170

Table legend: (Time is in decaauts)
 A = Elapsed time spent in this place.
 B = Non-inter-level travel time spent in this place.
 C = Inter-level travel time spent in this place.
 D = Time resting spent in this place.
 E = Time spent auto-exploring this place.
 F = Levels seen in this place.
 G = Mean time per level.
                   A        B        C        D        E       F      G
               +--------+--------+--------+--------+--------+-----+--------+
         Total |   6881 |   6772 |    109 |    774 |   4457 |   6 | 1146.8 |
       Dungeon |   5905 |   5796 |    109 |    774 |   3720 |   5 | 1181.0 |
         Sewer |    976 |    976 |      0 |      0 |    736 |   1 |  976.0 |
               +--------+--------+--------+--------+--------+-----+--------+

Top non-repeatable levels by time:
     D:2: 1451 daAuts
     D:5: 1349 daAuts
     D:1: 1190 daAuts
     D:3: 1027 daAuts
   Sewer: 976 daAuts
     D:4: 886 daAuts
